 Dungeon Crawl Stone Soup version 0.22.1-1-ga44c0e5 (webtiles) character file.

72 dvd the Bolt Thrower (level 4, -2/27 HPs)
             Began as a Kobold Hunter on Sept 27, 2018.
             Killed from afar by Sigmund (10 damage)
             ... with a magic dart
             ... on level 2 of the Dungeon.
             The game lasted 00:03:39 (1195 turns).

dvd the Bolt Thrower (Kobold Hunter)                Turns: 1195, Time: 00:03:40

Health: -2/27      AC:  4    Str: 10    XL:     4   Next: 48%
Magic:  4/4        EV: 15    Int: 12    God:
Gold:   68         SH:  0    Dex: 15    Spells: 3/3 levels left

rFire    . . .     SeeInvis .   a - +1 hand crossbow
rCold    . . .     Gourm    .   (shield restricted)
rNeg     . . .     Faith    .   c - +0 leather armour
rPois    .         Spirit   .   (no helmet)
rElec    .         Reflect  .   (no cloak)
rCorr    .         Harm     .   (no gloves)
MR       .....                  j - +0 pair of boots
Stlth    ++........             (no amulet)
HPRegen  0.09/turn              (no ring)
MPRegen  0.09/turn              (no ring)

@: no status effects
A: small, carnivore
a: no special abilities


You were on level 2 of the Dungeon.
You were completely stuffed.

You visited 1 branch of the dungeon, and saw 2 of its levels.

You collected 68 gold pieces.

Inventory:

Hand Weapons
 a - a +1 hand crossbow (weapon)
 b - a +0 short sword
Armour
 c - a +0 leather armour (worn)
 j - a +0 pair of boots (worn)
Scrolls
 h - a scroll of remove curse {unknown}
 i - a scroll of teleportation {unknown}
Potions
 e - a potion of lignification {unknown}
 k - 2 potions of magic {unknown}
 l - a potion of curing {unknown}
Comestibles
 f - 4 rations
 g - 2 chunks of flesh


   Skills:
 + Level 2.6 Fighting
 + Level 1.1 Short Blades
 + Level 6.3 Crossbows
 + Level 0.2 Armour
 + Level 2.6 Dodging
 + Level 1.4 Stealth


You had 3 spell levels left.
You didn't know any spells.
Your spell library was empty.

Dungeon Overview and Level Annotations

Branches:
Dungeon (2/15)

Altars:

Annotations:
D:2 Sigmund


Innate Abilities, Weirdness & Mutations

You are small and have problems with some larger weapons.
You are carnivorous and can eat meat at any time.


Message History

Sigmund is almost dead.
Sigmund barely misses you.
Firing (i - inventory) No suitable missiles.
Press: ? - help, Shift-Dir - straight line, f/p - Sigmund
Aim: Sigmund, wielding a scythe and wearing a robe (almost dead)
Okay, then.
Firing (i - inventory) No suitable missiles.
Press: ? - help, Shift-Dir - straight line, f/p - Sigmund
Aim: Sigmund, wielding a scythe and wearing a robe (almost dead)
Okay, then.
Unknown command.
Sigmund mumbles some strange words.
Sigmund flickers and vanishes!
Deactivating autopickup; reactivate with Ctrl-A.
A puff of flame appears from out of thin air!
The puff of flame hits you!
* * * LOW HITPOINT WARNING * * *
A magic dart appears from out of thin air!
The magic dart hits you!
You die...

....#### ........ ##
#######.(...####.# .....
..(.......#
###########........#
#..........{(...<..#
#.########.........#.#
#....### #...........#
##.....# #....@.(....#
##.#### #............. #.#
#.............. #.#
##.............
#####.########..........##
....#.#..........###..##
#####.#######.....##..# #
#.# #...#.#..#..### # #.#
#..........>..# #


There were no monsters in sight!

Vanquished Creatures
  2 adders (D:2)
  2 worms (D:2)
  A giant cockroach (D:2)
  5 goblins
  8 hobgoblins
  10 jackals (D:1)
  4 kobolds
  4 bats
  2 frilled lizards (D:1)
  4 rats
42 creatures vanquished.

Notes
Turn   | Place    | Note
-------+----------+-------------------------------------------
     0 | D:1      | dvd the Kobold Hunter began the quest for the Orb.
     0 | D:1      | Reached XP level 1. HP: 12/12 MP: 1/1
    46 | D:1      | Reached skill level 5 in Crossbows
   177 | D:1      | Reached XP level 2. HP: 17/17 MP: 2/2
   367 | D:1      | Reached XP level 3. HP: 21/21 MP: 3/3
   838 | D:2      | Noticed Sigmund
   939 | D:2      | Reached skill level 1 in Short Blades
   947 | D:2      | Reached skill level 6 in Crossbows
   947 | D:2      | Reached XP level 4. HP: 20/27 MP: 4/4
  1195 | D:2      | Killed from afar by Sigmund

Skill      XL: |  1  2  3 |
---------------+----------+-----
Crossbows      | 5 6 |  6.3
Short Blades   | 1 |  1.1
Fighting       | |  2.6
Armour         | |  0.2
Dodging        | |  2.6
Stealth        | |  1.4

Action                   |  1- 3 |  4- 6 || total
-------------------------+-------+-------++-------
Melee: Short sword       |    21 |     9 ||    30
 Fire: Hand crossbow     |    68 |    14 ||    82
  Eat: Chunk             |     8 |     1 ||     9
Armor: Leather armour    |     7 |     3 ||    10
Dodge: Dodged            |    30 |     8 ||    38
